 Dungeon Crawl Stone Soup version 0.30-a0-852-g08b95dd62f (webtiles) character file.

Game seed: 11665575004498603373

1159 Laraso the Basher (level 8, -10/99 HPs)
             Began as an Armataur Berserker on Mar 5, 2023.
             Was a Priest of Trog.
             Mangled by a gnoll sergeant
             ... wielding a +0 spear
              (12 damage)
             ... on level 5 of the Dungeon.
             The game lasted 00:03:51 (4366 turns).

Laraso the Basher (Armataur Berserker)              Turns: 4366, Time: 00:03:52

Health: -10/99     AC:  7    Str: 19 (25) XL:     8   Next: 16%
Magic:  8/8        EV:  7    Int:  4 (8)  God:    Trog [***...]
Gold:   136        SH:  0    Dex:  6 (9)  Spells: 7/7 levels left

rFire   . . .      SeeInvis .    a - +2 whip (elec)
rCold   . . .      Faith    .    (no shield)
rNeg    . . .      Spirit   .    o - +1 scale mail
rPois   .          Reflect  .    (no helmet)
rElec   .          Roll     +    (no cloak)
rCorr   .                        (no gloves)
Will    .....                    (no barding) Stlth
                                 (no amulet)
HPRegen 0.36/turn                g - ring of flight
MPRegen 0.11/turn                (no ring)

@: berserking, lethally poisoned (-10 -> -12), flying, very quick
A: large, rugged brown scales 3, deformed body, armoured tail, roll, long
tongue, awkward tongue
a: Renounce Religion, Berserk, Trog's Hand


You were on level 5 of the Dungeon.
You worshipped Trog.
Trog was most pleased with you.
You visited 1 branch of the dungeon, and saw 6 of its levels.

You collected 175 gold pieces.
You spent 39 gold pieces at shops.

Inventory:

Hand Weapons
 a - a +2 whip of electrocution (weapon)
 j - a +0 morningstar
Armour
 o - a +1 scale mail (worn)
Jewellery
 g - a ring of flight (left hand)
Wands
 f - a wand of acid (7)
Scrolls
 d - a scroll of enchant weapon {unknown}
 e - a scroll of poison {unknown}
 i - a scroll of magic mapping {unknown}
 n - 2 scrolls of torment
 p - a scroll of fear
Potions
 b - a potion of attraction {unknown}
 c - a potion of mutation {unknown}
 h - a potion of haste {unknown}
 l - 2 potions of degeneration
 m - a potion of heal wounds {unknown}


   Skills:
 - Level 2.6 Fighting
 * Level 9.4 Maces & Flails
 - Level 2.4 Armour
 - Level 1.3 Dodging


You had 7 spell levels left.
You didn't know any spells.
Your spell library was empty.

Dungeon Overview and Level Annotations

Branches:
Dungeon (6/15)             Temple (0/1) D:5

Altars:
Cheibriados
Makhleb
Yredelemnul

Shops:
D:1 !


Innate Abilities, Weirdness & Mutations

You are completely covered in rugged brown scales. (AC +3, +7% HP)
Armour fits poorly on your strangely shaped body.
You have a long armoured tail.
You roll when moving toward enemies. (Rampage)
Your long tongue fully drains potion bottles. (2x potion effects)
Your tongue gives you trouble enunciating. (1.5x scroll delay)


Message History

A red film seems to cover your vision as you go berserk!
You feel yourself moving faster!
You feel mighty!
You feel sick.
The water moccasin barely misses you. x2
You whack the water moccasin!
The water moccasin is heavily wounded.
You feel sick.
You whack the water moccasin!
Lightning courses through the water moccasin!!
You kill the water moccasin!
Trog accepts your kill.
Your Maces & Flails skill increases to level 9!
You have reached level 8!
You feel clever.
You whack the ice beast!
Lightning courses through the ice beast!
The ice beast is severely wounded.
You feel sick.
You whack the ice beast!
You kill the ice beast!
Trog accepts your kill.
You feel your dexterity returning.
You roll towards the gnoll!
You closely miss the gnoll. You tail-slap the gnoll!
The gnoll is severely wounded.
You feel sick.
The gnoll sergeant hits you from afar with a +0 spear.
* * * LOW HITPOINT WARNING * * *
The gnoll completely misses you. The gnoll hits you but does no damage.
You whack the gnoll!
You kill the gnoll!
Trog accepts your kill.
* * * LOW HITPOINT WARNING * * *
You feel sick.
You roll towards the gnoll sergeant!
You hit the gnoll sergeant but do no damage.
Lightning courses through the gnoll sergeant!
You tail-slap the gnoll sergeant.
The gnoll sergeant is severely wounded.
The gnoll sergeant hits you with a +0 spear!
You die...

# #.#
#....##
#.#..#
# #.#
####.#
#....#
# #..
#.#
#..###
# ###
#.#
#..# #
#.#
#..# #
..#
#.## #
#)# #
#.# #.
..
##@##
##
#..#.


#ggg# .# #..#.##g>.## .## #.>..#.....# ..### #......#.# (...# ##..#.##.# ....#
##.#.##.# ....# #...##.# ....# #g.###.# You could see a gnoll sergeant and 3
gnolls.

Vanquished Creatures
  Sigmund (D:4)
  A water moccasin (D:5)
  An ice beast (D:5)
  A black bear (D:5)
  2 ogres
  2 scorpions (D:4)
  A hound (D:4)
  3 iguanas
  Natasha (thrice) (D:4)
  9 gnolls
  5 adders
  An ufetubus (D:4)
  3 worms
  6 dart slugs
  6 orcs
  4 bats
  6 endoplasms
  A giant cockroach (D:2)
  9 goblins
  9 hobgoblins
  5 jackals
  2 quokkas
  4 ball pythons
  2 frilled lizards (D:1)
  3 kobolds
  15 rats
105 creatures vanquished.

Notes
Turn   | Place    | Note
-------+----------+-------------------------------------------
     0 | D:1      | Laraso the Armataur Berserker began the quest for the Orb.
     0 | D:1      | Reached XP level 1. HP: 19/19 MP: 1/1
    69 | D:1      | Reached skill level 3 in Maces & Flails
    77 | D:1      | Reached XP level 2. HP: 26/26 MP: 2/2
   426 | D:1      | Found Comaebui's Distillery.
   443 | D:1      | Bought a potion of curing for 39 gold pieces
   952 | D:2      | Reached XP level 3. HP: 25/32 MP: 3/3
  1018 | D:2      | Reached skill level 4 in Maces & Flails
  1561 | D:2      | Reached ** piety under Trog
  1863 | D:3      | Reached XP level 4. HP: 7/39 MP: 4/4
  2718 | D:4      | Reached skill level 5 in Maces & Flails
  2761 | D:4      | Noticed Natasha
  2765 | D:4      | Killed Natasha
  2766 | D:4      | Reached XP level 5. HP: 44/44 MP: 5/5
  2786 | D:4      | Noticed Natasha
  2799 | D:4      | Killed Natasha
  3060 | D:4      | Noticed Natasha
  3065 | D:4      | Killed Natasha
  3083 | D:4      | Found a snail-covered altar of Cheibriados.
  3113 | D:4      | Reached skill level 6 in Maces & Flails
  3113 | D:4      | Reached XP level 6. HP: 53/53 MP: 6/6
  3264 | D:4      | Found a basalt altar of Yredelemnul.
  3308 | D:4      | Reached *** piety under Trog
  3318 | D:4      | Reached skill level 7 in Maces & Flails
  3472 | D:4      | Noticed Sigmund
  3477 | D:4      | Killed Sigmund
  3478 | D:4      | Reached XP level 7. HP: 59/59 MP: 7/7
  3867 | D:5      | Entered Level 5 of the Dungeon
  3876 | D:5      | Reached skill level 8 in Maces & Flails
  3951 | D:5      | Found a staircase to the Ecumenical Temple.
  4013 | D:5      | Found a burning altar of Makhleb.
  4362 | D:5      | Reached skill level 9 in Maces & Flails
  4362 | D:5      | Reached XP level 8. HP: 9/66 MP: 8/8
  4364 | D:5      | HP: 3/99 [gnoll sergeant/+0 spear (4)]
  4366 | D:5      | Mangled by a gnoll sergeant

Illustrated notes

Levels and vault maps discovered:
D:1:      dpeg_arrival_triangle_fractal, layout_loops_ring, serial_shops,
          nicolae_shop_hallway_stairs
D:2:      layout_loops_corners, minmay_rat_gold_closets
D:3:      minmay_skewed_foursquare, layout_rooms,
          chequers_serial_rivers_small_b, minmay_misc_feat_doors
D:4:      layout_cave_pods, mainiacjoe_overflow_large_starburst, serial_rivers,
          chequers_serial_rivers_large_a, chequers_serial_rivers_micro_b,
          chequers_serial_rivers_micro_d, chequers_serial_rivers_marsh,
          chequers_serial_rivers_small_b, chequers_serial_rivers_micro_d,
          minmay_unequal, uniq_natasha, uniq_sigmund
D:5:      layout_rooms, mainiacjoe_overflow_alcove_4,
          mainiacjoe_overflow_concentric_impassable,
          minmay_temple_entry_junction_2, nrook_loot_triangle
D:6:      layout_rooms, serial_shops, shop, minmay_starry_boxes, uniq_pikel,
          uniq_blork_the_orc

Skill      XL: |  1  2  3  4  5  6  7 |
---------------+----------------------+-----
Maces & Flails | 3 4 5 6 7 9 |  9.4
Fighting       | |  2.6
Armour         | |  2.4
Dodging        | |  1.3

Action                     |  1- 3 |  4- 6 |  7- 9 || total
---------------------------+-------+-------+-------++-------
  Melee: Mace              |   109 |     7 |       ||   116
         Tailslap          |     9 |     8 |     8 ||    25
         Punch             |     1 |       |     3 ||     4
         Whip              |       |    87 |    74 ||   161
 Invoke: Berserk           |     3 |     2 |     2 ||     7
    Use: Scroll            |     9 |     1 |       ||    10
         Potion            |       |       |     2 ||     2
 Armour: Animal skin       |    22 |       |       ||    22
         Scale mail        |    29 |    21 |    31 ||    81
  Dodge: Dodged            |    53 |    28 |    24 ||   105

Table legend: (Time is in decaauts)
 A = Elapsed time spent in this place.
 B = Non-inter-level travel time spent in this place.
 C = Inter-level travel time spent in this place.
 D = Time resting spent in this place.
 E = Time spent auto-exploring this place.
 F = Levels seen in this place.
 G = Mean time per level.
                   A        B        C        D        E       F      G
               +--------+--------+--------+--------+--------+-----+--------+
         Total |   4395 |   4290 |    105 |    850 |   2815 |   6 |  732.5 |
       Dungeon |   4395 |   4290 |    105 |    850 |   2815 |   6 |  732.5 |
               +--------+--------+--------+--------+--------+-----+--------+

Top non-repeatable levels by time:
     D:4: 1189 daAuts
     D:1: 965 daAuts
     D:2: 882 daAuts
     D:3: 871 daAuts
     D:5: 484 daAuts
     D:6: 1 daAuts
